 Dungeon Crawl Stone Soup version 0.25.0-9-g26727b657a (webtiles) character file.

Game seed: 6716110886059386139

171 Esekla the Slasher (level 5, -6/42 HPs)
             Began as a Barachi Warper on June 16, 2020.
             Mangled by a black bear (9 damage)
             ... on level 4 of the Dungeon.
             The game lasted 00:19:55 (3033 turns).

Esekla the Slasher (Barachi Warper)                 Turns: 3033, Time: 00:19:56

Health: -6/42      AC:  6    Str: 12    XL:     5   Next: 51%
Magic:  7/8        EV: 12    Int: 14    God:
Gold:   123        SH:  0    Dex: 12    Spells: 4/8 levels left

rFire    . . .     SeeInvis .   a - +1 falchion
rCold    + . .     Gourm    .   (no shield)
rNeg     + . .     Faith    .   b - +0 leather armour
rPois    .         Spirit   .   c - +2 helmet
rElec    .         Reflect  .   (no cloak)
rCorr    .         Harm     .   (no gloves)
MR       .....                  (no boots)
Stlth    +.........             (no amulet)
HPRegen  0.54/turn              m - ring of positive energy
MPRegen  0.11/turn              o - ring of protection from cold

@: can't hop, very slightly contaminated, slow
A: +LOS, swims, yellow scales 1, blink, deformed body, regeneration 1, slowness
1, wild magic 1, evolution 1, sturdy frame 1, strong legs 1
a: Hop, Blink


You were on level 4 of the Dungeon.
You were very hungry.

You visited 1 branch of the dungeon, and saw 4 of its levels.

You collected 123 gold pieces.

Inventory:

Hand Weapons
 a - a +1 falchion (weapon)
 n - a +0 short sword
 s - the +1 spear "Durinal" {drain, rN+}
   (You found it on level 4 of the Dungeon)

   A truly terrible weapon, it drains the life of those it strikes.
   It protects you from negative energy.
Missiles
 e - 4 boomerangs of dispersal (quivered)
Armour
 b - a +0 leather armour (worn)
 c - a +2 helmet (worn)
Jewellery
 m - a ring of positive energy (left hand)
 o - a ring of protection from cold (right hand)
Scrolls
 d - 2 scrolls of blinking
 g - a scroll of amnesia {unknown}
 h - a scroll of enchant weapon
 j - a scroll of magic mapping {unknown}
 l - a scroll of fog {unknown}
 q - a scroll of remove curse
 r - a scroll of identify
Potions
 i - 3 potions of stabbing
 k - a potion of flight
Comestibles
 f - 9 rations


   Skills:
 * Level 3.9 Fighting
 * Level 5.0 Long Blades
 - Level 1.0 Throwing
 + Level 2.1 Armour
 + Level 2.4 Dodging
 + Level 0.1 Stealth
 + Level 2.4 Spellcasting
 * Level 0.6 Charms
 + Level 3.4 Translocations


You had 4 spell levels left.
You knew the following spells:

 Your Spells              Type           Power        Failure   Level  Hunger
b - Blink                 Tloc           N/A          13%         2    ###....
g - Shroud of Golubria    Chrm/Tloc      #.....       22%         2    ###....

Your spell library contained the following spells:

 Spells                   Type           Power        Failure   Level  Hunger
 Gell's Gravitas          Tloc           ##........   24%         3    ###....
 Lesser Beckoning         Tloc           ##........   24%         3    ###....
 Teleport Other           Tloc           ##......     24%         3    ###....
 Passage of Golubria      Tloc           N/A          58%         4    #####..


Dungeon Overview and Level Annotations

Branches:
Dungeon (4/15)
 Temple: D:4-7

Altars:
Kikubaaqudgha
Nemelex Xobeh

Annotations:
D:3 Grinder


Innate Abilities, Weirdness & Mutations

You can be seen from farther away. (+LOS)
You can swim through water.
You cover ground slowly.
You can hop short distances.
You are partially covered in yellow scales. (AC +2)
You can translocate small distances at will.
Armour fits poorly on your strangely shaped body.
Your natural rate of healing is unusually fast.
Your spells are a little harder to cast, but a little more powerful.
You evolve.
Your movements are slightly less encumbered by armour. (ER -2)


Message History

* * * LOW HITPOINT WARNING * * *
The black bear claws you.
* * * LOW HITPOINT WARNING * * *
The black bear claws you but does no damage.
Hop to where?
Press: ? - help, Dir - move target cursor Boing!
The black bear rages.
Throwing (i - inventory)
e - 5 boomerangs of dispersal (quivered)
Press: ? - help, Shift-Dir - straight line, f - black bear
Aim: a black bear (almost dead, berserk)
You throw a boomerang of dispersal.
The boomerang of dispersal hits the black bear but does no damage.
The black bear is almost dead.
The black bear misses you.
The black bear claws you but does no damage. x2
You closely miss the black bear.
The black bear is almost dead.
The black bear bites you!
You die...

##...# #..#......#
##...# #..+......#
.....# #..#......#
.....######..#......#
.......>.##..#...[..#
.............#......#
.............#......#
##...###.#####..h...##
##...###.##.....@....#
..........#..........#
..........#..........#
..........#..........#
##'#####+##..........#
..............####.....
..............# ......
..............# .......
..............# .......


You could see a black bear (berserk).

Vanquished Creatures
  2 worker ants (D:4)
  Robin (D:2)
  5 adders
  2 worms (D:2)
  3 leopard geckos
  An orc (D:2)
  A ball python (D:1)
  5 bats
  4 giant cockroaches
  15 goblins
  5 hobgoblins
  2 jackals (D:1)
  A quokka (D:2)
  2 frilled lizards
  4 kobolds
  6 rats
59 creatures vanquished.

Notes
Turn   | Place    | Note
-------+----------+-------------------------------------------
     0 | D:1      | Esekla the Barachi Warper began the quest for the Orb.
     0 | D:1      | Reached XP level 1. HP: 17/17 MP: 3/3
   204 | D:1      | Reached skill level 3 in Long Blades
   380 | D:1      | Reached XP level 2. HP: 23/23 MP: 5/5
   802 | D:2      | Reached XP level 3. HP: 28/29 MP: 6/6
   806 | D:2      | Learned a level 2 spell: Shroud of Golubria
   809 | D:2      | Learned a level 2 spell: Blink
  1546 | D:2      | Found a sparkling altar of Nemelex Xobeh.
  1640 | D:3      | Reached skill level 4 in Long Blades
  1640 | D:3      | Reached XP level 4. HP: 27/35 MP: 4/7
  1741 | D:3      | Found an ancient bone altar of Kikubaaqudgha.
  1854 | D:3      | Noticed Robin
  2060 | D:2      | Gained mutation: You can translocate small distances at
                  | will. [potion of mutation]
  2060 | D:2      | Gained mutation: You are clumsy. (Dex -2) [potion of
                  | mutation]
  2060 | D:2      | Gained mutation: You have sharp fingernails. [potion of
                  | mutation]
  2061 | D:2      | Lost mutation: You are clumsy. (Dex -2) [potion of
                  | mutation]
  2061 | D:2      | Lost mutation: You have sharp fingernails. [potion of
                  | mutation]
  2061 | D:2      | Gained mutation: You have large cloven feet. [potion of
                  | mutation]
  2061 | D:2      | Gained mutation: Your movements are slightly less
                  | encumbered by armour. (ER -2) [potion of mutation]
  2061 | D:2      | Gained mutation: Your body sometimes deteriorates upon
                  | taking damage. [potion of mutation]
  2061 | D:2      | Gained mutation: You are partially covered in yellow
                  | scales. (AC +2) [potion of mutation]
  2062 | D:2      | Lost mutation: Your body sometimes deteriorates upon taking
                  | damage. [potion of mutation]
  2062 | D:2      | Lost mutation: You have large cloven feet. [potion of
                  | mutation]
  2062 | D:2      | Gained mutation: Your body sometimes deteriorates upon
                  | taking damage. [potion of mutation]
  2062 | D:2      | Gained mutation: Your spells are a little harder to cast,
                  | but a little more powerful. [potion of mutation]
  2062 | D:2      | Gained mutation: You are partially covered in iridescent
                  | scales. (AC +2) [potion of mutation]
  2063 | D:2      | Lost mutation: Your body sometimes deteriorates upon taking
                  | damage. [potion of mutation]
  2063 | D:2      | Lost mutation: You are partially covered in iridescent
                  | scales. (AC +2) [potion of mutation]
  2063 | D:2      | Gained mutation: You evolve. [potion of mutation]
  2063 | D:2      | Gained mutation: Armour fits poorly on your strangely
                  | shaped body. [potion of mutation]
  2063 | D:2      | Gained mutation: Your natural rate of healing is unusually
                  | fast. [potion of mutation]
  2086 | D:2      | Killed Robin
  2468 | D:3      | Noticed Grinder
  2568 | D:4      | Noticed an ogre
  2592 | D:4      | Reached XP level 5. HP: 24/42 MP: 8/8
  2821 | D:4      | Reached skill level 5 in Long Blades
  2899 | D:4      | Got a twisted spear
  2914 | D:4      | Identified the cursed +1 spear "Durinal" {drain, rN+} (You
                  | found it on level 4 of the Dungeon)
  3017 | D:4      | Noticed a black bear
  3030 | D:4      | HP: 2/42 [black bear (3)]
  3033 | D:4      | Mangled by a black bear

Illustrated notes

Levels and vault maps discovered:
D:1:      dpeg_arrival_refuge, layout_loops_ring
D:2:      layout_rooms, kennysheep_small_spiral, grunt_ministairs_1,
          nemelex_dance_club_becter
D:3:      layout_loops_ring, kiku_gazebo_pond_becter, minitemple, first_ration,
          hex_tiny, uniq_robin, uniq_grinder
D:4:      layout_gridville, overflow_temple_1_default

Skill      XL: |  1  2  3  4  5 |
---------------+----------------+-----
Long Blades    | 3 4 5 |  5.0
Fighting       | 3 |  3.9
Armour         | 2 |  2.1
Throwing       | |  1.0
Dodging        | |  2.4
Stealth        | |  0.1
Spellcasting   | |  2.4
Charms         | |  0.6
Translocations | |  3.4

Action                   |  1- 3 |  4- 6 || total
-------------------------+-------+-------++-------
Melee: Falchion          |   113 |   132 ||   245
Throw: Boomerang         |       |     1 ||     1
 Cast: Shroud of Golubri |     2 |    10 ||    12
       Blink             |       |     2 ||     2
 Abil: Hop               |     1 |     2 ||     3
  Use: Potion            |       |     5 ||     5
       Scroll            |       |     5 ||     5
  Eat: Chunk             |     3 |     6 ||     9
Armor: Leather armour    |    31 |    43 ||    74
Dodge: Dodged            |    90 |    95 ||   185
       Rpst.: Falchion   |    26 |    26 ||    52
